 Dungeon Crawl Stone Soup version 0.26.1-2-gb8aa6d0cf2 (webtiles) character file.

Game seed: 10411075210445606310

517859 Gauvater the Warrior (level 24, 0/240 HPs)
             Began as a Palentonga Fighter on Feb 8, 2021.
             Was the Champion of Wu Jian.
             Splashed by an acid blob's acid (4 damage)
             ... created by the Royal Jelly
             ... on level 4 of the Pits of Slime on Feb 9, 2021.
             The game lasted 11:29:38 (76259 turns).

Gauvater the Warrior (Palentonga Fighter)          Turns: 76259, Time: 11:29:38

Health: 0/240      AC: 34    Str: 39    XL:     24   Next: 54%
Magic:  23/23      EV: 19    Int: 13    God:    Wu Jian [******]
Gold:   1434       SH: 17    Dex: 18    Spells: 23/23 levels left

rFire    + + .     SeeInvis +   i - +9 broad axe (flame)
rCold    + . .     Faith    +   D - +3 kite shield {reflect}
rNeg     + . .     Spirit   .   s - +6 plate armour "Kibeoma" {+Fly rElec}
rPois    +         Reflect  +   Q - -2 hat of the Alchemist {rElec rPois rF+ rC+ rN+ Will+ rMut rCorr}
rElec    +         Harm     .   P - +1 cloak of Starlight {*Dazzle EV+4 Stlth--}
rCorr    +         Rampage  .   r - +2 pair of gloves {Dex+3}
rMut     +                      f - +3 barding {rF+}
Will     +++..                  m - amulet of faith
Stlth    ..........             K - ring "Osushopn" {*Slow rElec rPois Str+10 Int+3}
HPRegen  0.50/turn              U - ring "Kuotaatu" {Will+ rCorr Str+2}
MPRegen  0.18/turn

@: mighty, corroded, heavenly storm, glowing, curled up
A: large, rugged brown scales 3, see invisible, agile 1, deformed body, sense
surroundings 1, roll 1, armoured tail, reflexive curl
}: 2/15 runes: barnacled, gossamer
a: Rolling Charge, Renounce Religion, Evoke Flight, Wall Jump, Serpent's Lash,
Heavenly Storm


You were on level 4 of the Pits of Slime.
You worshipped Wu Jian.
Wu Jian was exalted by your worship.
You visited 10 branches of the dungeon, and saw 49 of its levels.
You visited the Abyss 1 time.
You visited 1 bazaar.
You also visited: Trove, Gauntlet and Ice Cave.

You collected 6292 gold pieces.
You spent 4858 gold pieces at shops.

Inventory:

Hand Weapons
 d - a +9 spectral broad axe
 i - a +9 broad axe of flaming (weapon)
 o - a +9 sacred scourge of holy wrath
 p - the +7 sceptre of Torment {pain, torment}
   (You found it on level 2 of the Depths)

   In the hands of one skilled in necromantic magic, it inflicts extra damage on
   living creatures.
 H - the +9 staff of Olgreb {rPois∞}
   (You found it on level 10 of the Dungeon)

   It grants immunity to poison.
 Y - a +6 lajatang of speed
Missiles
 b - 34 silver javelins
 k - 10 curare-tipped darts
 u - 69 boomerangs
 E - 11 boomerangs of dispersal
 R - 11 atropa-tipped darts
 T - 10 silver boomerangs
Armour
 f - a +3 barding of fire resistance (worn)
 r - a +2 pair of gloves of dexterity (worn)
 s - the +6 plate armour "Kibeoma" (worn) {+Fly rElec}
   (You found it on level 4 of the Vaults)

   It insulates you from electricity.
   It lets you fly.
 D - a +3 kite shield of reflection (worn)
 P - the +1 cloak of Starlight (worn) {*Dazzle EV+4 Stlth--}
   (You found it on level 11 of the Dungeon)

   It affects your evasion (+4).
   It makes you much less stealthy.
 Q - the -2 hat of the Alchemist (worn) {rElec rPois rF+ rC+ rN+ Will+ rMut rCorr}
   (You bought it in a shop on level 3 of the Shoals)

   It protects you from fire.
   It protects you from cold.
   It insulates you from electricity.
   It protects you from poison.
   It protects you from negative energy.
   It affects your willpower, your defense against some magical effects.
   It provides partial protection from all sources of acid and corrosion.
   It protects you from mutation.
Jewellery
 m - an amulet of faith (around neck)
 K - the ring "Osushopn" (left hand) {*Slow rElec rPois Str+10 Int+3}
   (You bought it in a shop on level 4 of the Dungeon)

   [ring of poison resistance]

   It affects your strength (+10).
   It affects your intelligence (+3).
   It insulates you from electricity.
   It protects you from poison.
   It may slow you when you take damage.
 U - the ring "Kuotaatu" (right hand) {Will+ rCorr Str+2}
   (You found it on level 3 of the Elven Halls)

   [ring of resist corrosion]

   It affects your strength (+2).
   It affects your willpower, your defense against some magical effects.
   It provides partial protection from all sources of acid and corrosion.
Wands
 a - a wand of enslavement (14)
 z - a wand of digging (5)
 A - a wand of acid (23)
 C - a wand of disintegration (10)
 F - a wand of polymorph (39)
 J - a wand of paralysis (27)
 V - a wand of iceblast (56)
Scrolls
 c - a scroll of summoning
 h - 19 scrolls of identify
 j - 7 scrolls of fog
 w - 11 scrolls of teleportation
 y - 13 scrolls of remove curse
 B - 3 scrolls of immolation
 I - 8 scrolls of fear
 O - 2 scrolls of blinking
 Z - 2 scrolls of magic mapping
Potions
 e - 2 potions of haste
 l - 3 potions of berserk rage
 q - 6 potions of ambrosia
 t - 2 potions of invisibility
 v - 5 potions of resistance
 G - 5 potions of cancellation
 L - 9 potions of curing
 N - 2 potions of heal wounds
 W - a potion of might
 X - 11 potions of lignification
Miscellaneous
 g - a phial of floods
 n - a tin of tremorstones (2/2)
 x - a box of beasts
 M - a lightning rod (4/4)
 S - a condenser vane


   Skills:
 * Level 20.4 Fighting
 + Level 0.2 Long Blades
 - Level 17.9(20.3) Axes
 - Level 10.7(16.4) Maces & Flails
 - Level 13.1(17.2) Polearms
 - Level 10.1(14.6) Staves
 - Level 1.4 Throwing
 * Level 16.0 Armour
 * Level 15.1 Dodging
 - Level 4.5 Stealth
 - Level 9.4 Shields
 * Level 2.6 Necromancy
 * Level 14.4 Evocations


You had 23 spell levels left.
You didn't know any spells.
Your spell library contained the following spells:

 Spells                   Type           Power        Failure   Level
 Animate Skeleton         Necr           12%          36%         1
 Pain                     Necr           24%          36%         1
 Sublimation of Blood     Necr           3%           50%         2
 Corpse Rot               Necr/Air       N/A          69%         2
 Apportation              Tloc           0%           73%         1
 Beastly Appendage        Tmut           0%           73%         1
 Corona                   Hex            0%           73%         1
 Foxfire                  Conj/Fire      0%           73%         1
 Freeze                   Ice            0%           73%         1
 Magic Dart               Conj           0%           73%         1
 Sandblast                Erth           0%           73%         1
 Shock                    Conj/Air       0%           73%         1
 Sting                    Tmut/Pois      0%           73%         1
 Summon Small Mammal      Summ           0%           73%         1
 Blink                    Tloc           N/A          86%         2
 Call Imp                 Summ           0%           86%         2
 Ensorcelled Hibernation  Hex/Ice        0%           86%         2
 Passwall                 Tmut/Erth      0%           86%         2
 Poisonous Vapours        Pois/Air       0%           86%         2
 Searing Ray              Conj           0%           86%         2
 Slow                     Hex            0%           86%         2
 Swiftness                Air            0%           86%         2
 Wereblood                Tmut           0%           86%         2
 Confusing Touch          Hex            0%           97%         3
 Conjure Flame            Conj/Fire      0%           97%         3
 Dazzling Flash           Conj/Hex       0%           97%         3
 Frozen Ramparts          Ice            0%           97%         3
 Gell's Gravitas          Tloc           0%           97%         3
 Ignite Poison            Fire/Tmut/Pois 0%           97%         3
 Inner Flame              Hex/Fire       0%           97%         3
 Mephitic Cloud           Conj/Pois/Air  0%           97%         3
 Ozocubu's Armour         Ice            0%           97%         3
 Portal Projectile        Hex/Tloc       0%           97%         3
 Spider Form              Tmut/Pois      0%           97%         3
 Static Discharge         Conj/Air       0%           97%         3
 Stone Arrow              Conj/Erth      0%           97%         3
 Tukima's Dance           Hex            0%           97%         3
 Animate Dead             Necr           3%           98%         4
 Dispel Undead            Necr           6%           98%         4
 Airstrike                Air            0%           100%        4
 Cause Fear               Hex            0%           100%        4
 Fulminant Prism          Conj/Hex       0%           100%        4
 Hailstorm                Conj/Ice       0%           100%        4
 Ice Form                 Ice/Tmut       0%           100%        4
 Iskenderun's Mystic Bla  Conj/Tloc      0%           100%        4
 Leda's Liquefaction      Hex/Erth       0%           100%        4
 Olgreb's Toxic Radiance  Pois           0%           100%        4
 Passage of Golubria      Tloc           N/A          100%        4
 Petrify                  Tmut/Erth      0%           100%        4
 Summon Ice Beast         Ice/Summ       0%           100%        4
 Summon Lightning Spire   Summ/Air       0%           100%        4
 Agony                    Necr           6%           100%        5
 Blade Hands              Tmut           0%           100%        5
 Bolt of Magma            Conj/Fire/Erth 0%           100%        5
 Borgnjor's Vile Clutch   Necr/Erth      1%           100%        5
 Excruciating Wounds      Necr           3%           100%        5
 Fireball                 Conj/Fire      0%           100%        5
 Iskenderun's Battlesphe  Conj           0%           100%        5
 Lee's Rapid Deconstruct  Erth           0%           100%        5
 Lightning Bolt           Conj/Air       0%           100%        5
 Metabolic Englaciation   Hex/Ice        0%           100%        5
 Silence                  Hex/Air        0%           100%        5
 Summon Mana Viper        Hex/Summ       0%           100%        5
 Yara's Violent Unravell  Hex/Tmut       0%           100%        5
 Conjure Ball Lightning   Conj/Air       0%           100%        6
 Death Channel            Necr           3%           100%        6
 Invisibility             Hex            0%           100%        6
 Iron Shot                Conj/Erth      0%           100%        6
 Simulacrum               Ice/Necr       1%           100%        6
 Starburst                Conj/Fire      0%           100%        6
 Dragon Form              Tmut           0%           100%        7
 Orb of Destruction       Conj           0%           100%        7
 Spellforged Servitor     Conj/Summ      0%           100%        7
 Chain Lightning          Conj/Air       0%           100%        8
 Discord                  Hex            0%           100%        8
 Ignition                 Fire           0%           100%        8
 Lehudib's Crystal Spear  Conj/Erth      0%           100%        8
 Absolute Zero            Ice            0%           100%        9
 Dragon's Call            Summ           0%           100%        9
 Fire Storm               Conj/Fire      0%           100%        9
 Tornado                  Air            0%           100%        9


Dungeon Overview and Level Annotations

Branches:
Dungeon (15/15)            Temple (1/1) D:5            Lair (6/6) D:10
 Shoals (4/4) Lair:4       Spider (4/4) Lair:4        Slime (5/5) Lair:5
    Orc (2/2) D:9             Elf (3/3) Orc:2        Vaults (4/5) D:13
  Crypt (0/3) Vaults:2     Depths (5/5) D:15            Zot (0/5) Depths:5
  IceCv (visited)         Gauntlet (visited)

Altars:
Ashenzari
Cheibriados
Dithmenos
Elyvilon
Fedhas
Gozag
Hepliaklqana
Kikubaaqudgha
Makhleb
Nemelex Xobeh
Okawaru
Qazlal
Ru
Sif Muna
Trog
Uskayaw
Vehumet
Wu Jian
Xom
Yredelemnul
Zin
The Shining One
Jiyva

Shops:
D:4 =   D:5 *   D:7 !   D:8 !   D:15 =   Orc:2 [*(*   Elf:2 [:=   Shoals:3 [
Vaults:2 *   Depths:3 (   Depths:4 =

Portals:
Hell: Depths:1 Depths:2 Depths:3 Depths:4 Depths:5
Abyss: Depths:1 Depths:3 Depths:4
Pandemonium: Depths:3
Ziggurat: Depths:4

Annotations:
D:10 1 runed translucent door
Lair:3 exclusion: oklob plant
Lair:4 exclusion: oklob plant
Shoals:2 Roxanne
Spider:1 exclusion: 2 oklob plants
Slime:5 Royal Jelly
Elf:2 2 runed translucent doors
Vaults:2 3 runed translucent doors, theMacoje's ghost, adept OgEn
Vaults:3 3 runed translucent doors, Droegar's ghost, adept MiBe
Depths:2 exclusion: orange crystal statue
Depths:5 2 runed translucent doors


Innate Abilities, Weirdness & Mutations

You are completely covered in rugged brown scales. (AC +3, +7% HP)
You have supernaturally acute eyesight. (SInv)
Armour fits poorly on your strangely shaped body.
You can roll at nearby foes to attack.
You have a long armoured tail.
You curl defensively after being hit.
You are agile. (Dex +2)
You passively map a small area around you.


Message History

Okay, then.
There's nothing to open nearby.
Unknown command.
Unknown command.
Blink to where?
Press: ? - help, Dir - move target, f - you
Okay, then.
Unknown command.
Unknown command.
Unknown command.
As you read the scroll of fear, it crumbles to dust.
You assume a fearsome visage.
The azure jelly looks frightened!
The acid blob easily resists.
The death ooze is unaffected.
The azure jelly looks frightened!
The acid blob resists with almost no effort.
The azure jelly looks frightened!
The azure jelly easily resists.
The acid blob hits you!!
* * * LOW HITPOINT WARNING * * *
The acid corrodes you!
You are splashed with acid.
You resist.
You die...

* , #........... .........
##...........###*.........
#..............###........
................#......... ,
.................#..^.....
.......§§§§§.#......<.....
...#...§J☼§§....#.........
.......☼J@☼§...##.........
.......§JJ§☼........#..... ,
......#J§§§J........##....
.#.......#............#... ,
................#.........
##............................
.........................#.#.
##...>...............#........
#........................##...


You could see 2 acid blobs, 3 azure jellies and a death ooze.

Vanquished Creatures
  Mennas (Vaults:3)
  Mara (Depths:2)
  A juggernaut (Depths:5)
  3 royal mummies (Depths:2)
  Margery (Depths:1)
  Saint Roka (Vaults:3)
  Nikola (Elf:1)
  A profane servitor (Abyss:3)
  4 bone dragons (Depths:5)
  5 liches
  A tentacled monstrosity (Abyss:3)
  A titan (Depths:3)
  2 deep elf blademasters (Elf:3)
  2 deep elf master archers (Elf:3)
  A quicksilver dragon (Depths:4)
  Asterion (Spider:2)
  23 acid blobs
  Polyphemus (Shoals:4)
  3 ancient champions
  2 tentacled starspawn (Abyss:4)
  Agnes (Elf:1)
  2 shadow dragons (Depths:5)
  5 tengu reavers
  A sphinx (Vaults:2)
  20 azure jellies
  A draconian monk (Depths:5)
  Donald (Shoals:2)
  8 fire giants
  6 vault wardens
  4 ghost moths (Spider:4)
  4 deep elf sorcerers
  5 frost giants
  A draconian shifter (Depths:5)
  A draconian scorcher (Depths:5)
  An orc warlord (Orc:2)
  5 deep elf elementalists
  Louise (Spider:2)
  5 emperor scorpions
  8 ironheart preservers
  3 reapers (Depths:4)
  11 very ugly things
  20 stone giants
  A caustic shrike skeleton (D:15)
  The ghost of Gauvater the Fighter, a journeyman PaFi of Wu Jian (Lair:6)
  4 deep elf demonologists (Elf:3)
  A vampire knight (Depths:5)
  2 black draconians (Depths:5)
  6 deep elf annihilators
  6 entropy weavers
  3 purple draconians (Depths:5)
  5 spark wasps
  2 green draconians (Depths:5)
  Azrael (Spider:2)
  2 red draconians (Depths:5)
  3 white draconians (Depths:5)
  2 mummy priests (Depths:2)
  2 yellow draconians (Depths:5)
  10 ettins
  3 deep elf death magi
  3 merfolk javelineers
  2 green deaths (Depths:4)
  11 fire dragons
  A crystal guardian (Vaults:2)
  A blizzard demon (Depths:3)
  8 merfolk impalers
  10 death oozes (Slime:4)
  Erolcha (Orc:1)
  11 yaktaur captains
  2 deep elf high priests
  11 great orbs of eyes
  Harold (D:8)
  5 rakshasas
  6 boulder beetles
  A vault guard (Vaults:2)
  7 hydras
  2 catoblepae
  2 merfolk aquamancers (Shoals:4)
  4 spriggan air magi
  A monstrous demonspawn (Depths:3)
  12 ice dragons
  2 merfolk avatars (Shoals:4)
  41 two-headed ogres
  2 alligator snapping turtles (Shoals:4)
  13 centaur warriors
  37 dancing weapons
  2 satyrs
  3 death knights
  A thrashing horror (Abyss:4)
  11 ogre magi
  Urug (Orc:2)
  9 deep troll shamans
  2 death yaks (Shoals:4)
  3 tengu warriors
  An orc high priest (Elf:3)
  5 spriggan berserkers (Depths:5)
  8 deep troll earth magi
  2 spriggans (Depths:5)
  A sun demon (Depths:3)
  A spectral death yak (Lair:6)
  18 deep elf knights
  A shadow wraith (Vaults:4)
  4 iron trolls
  13 hell knights
  2 salamander mystics
  2 glowing orange brains (Depths:5)
  2 flayed ghosts
  4 unseen horrors
  A gelid demonspawn (Depths:3)
  11 sea snakes
  11 skeletal warriors
  33 deep trolls
  A kraken simulacrum (Shoals:4)
  A wizard (Depths:2)
  10 deep elf archers
  A lindwurm (Lair:6)
  17 harpies
  9 ironbrand convokers
  11 orc knights
  2 phantasmal warriors
  A spectral boulder beetle (Lair:6)
  5 shining eyes
  18 manticores
  25 orb spiders
  43 wolf spiders
  3 necromancers
  28 ugly things
  3 orc sorcerers
  7 salamanders
  49 deep elf magi
  10 cyclopes
  13 fauns (Shoals:2)
  5 moths of wrath
  8 elephants
  8 water nymphs
  9 black mambas
  8 merfolk sirens
  2 ice statues (IceCv)
  A rust devil (Depths:3)
  10 vault sentinels
  3 molten gargoyles (Lair:6)
  An eye of devastation (Slime:1)
  A smoke demon (Depths:3)
  A naga mage (Vaults:3)
  A water nymph (shapeshifter) (Vaults:3)
  4 torpor snails
  7 cane toads
  A rime drake (D:12)
  A gargoyle (D:15)
  2 yaktaur zombies (Vaults:1)
  3 kobold demonologists
  13 komodo dragons
  4 freezing wraiths
  56 yaktaurs
  17 demonic crawlers
  A guardian mummy (D:15)
  10 ice devils (IceCv)
  A jumping spider (shapeshifter) (Depths:1)
  3 tengu conjurers
  An ancient zyme (Abyss:3)
  7 wind drakes
  29 merfolk
  11 hornets
  36 jumping spiders
  4 polar bears
  A troll (shapeshifter) (Vaults:1)
  9 trolls
  3 meliai (D:14)
  A polar bear (shapeshifter) (Vaults:1)
  19 blink frogs
  A spriggan zombie (D:15)
  111 slime creatures
  14 snapping turtles
  The ghost of lysyklops the Stinger, an amateur OpVM (D:7)
  An ice dragon zombie (D:15)
  6 air elementals
  2 shadows
  10 water elementals
  Eustachio (D:4)
  A tarantella (shapeshifter) (Vaults:4)
  8 wyverns
  5 wraiths
  A vampire (D:13)
  49 redbacks
  9 basilisks
  26 tarantellas
  A fire dragon skeleton (D:15)
  2 fire bats (shapeshifter)
  14 golden eyes
  54 yaks
  3 fire elementals
  A chaos spawn (Abyss:4)
  2 steam dragons
  Grum (D:11)
  A death yak simulacrum (Lair:6)
  An acid dragon (Vaults:1)
  6 vampire mosquitoes
  A spectral cane toad (Lair:6)
  A two-headed ogre zombie (Orc:1)
  2 spatial vortices (Abyss:3)
  7 wargs (Orc:2)
  7 soldier ants (D:10)
  A swamp worm (shapeshifter) (Vaults:1)
  20 water moccasins
  10 hell hounds
  4 black bears
  A floating eye (Depths:3)
  4 ice beasts
  3 black bears (shapeshifter)
  7 eyes of draining
  41 orc warriors
  6 sky beasts
  A necrophage (D:7)
  A spectral torpor snail (Lair:6)
  68 ogres
  13 boggarts
  A black mamba simulacrum (Lair:6)
  6 phantoms
  14 wolves
  19 centaurs
  Blork the orc (D:4)
  8 big kobolds
  4 gnoll sergeants (D:9)
  A human zombie (Vaults:1)
  20 bullfrogs
  A wyvern zombie (D:12)
  An earth elemental (Elf:3)
  3 scorpions
  A water moccasin skeleton (D:8)
  2 wyvern skeletons
  13 killer bees
  6 howler monkeys
  6 wights
  2 electric eels
  3 vampire bats (Lair:5)
  A centaur zombie (D:12)
  A crimson imp (Depths:3)
  5 lava snakes (Lair:6)
  2 bullfrog zombies
  6 quasits
  A yaktaur simulacrum (Vaults:1)
  16 orc priests
  22 orc wizards
  2 bullfrog skeletons
  6 hounds
  5 jellies
  4 centaur skeletons
  3 iguanas
  3 iron imps
  9 hell rats (Lair:6)
  17 worker ants
  3 hound zombies
  A hound skeleton (D:7)
  A howler monkey zombie (D:11)
  2 worker ant zombies
  10 gnolls
  A howler monkey skeleton (D:7)
  13 adders
  2 shadow imps
  9 white imps
  13 ufetubi
  3 oozes
  An adder skeleton (D:5)
  2 adder zombies (D:7)
  2 worms
  4 dart slugs
  7 leopard geckos
  88 orcs
  A ball python (D:1)
  16 bats
  8 giant cockroaches
  12 goblins
  6 hobgoblins
  13 jackals
  4 quokkas
  4 frilled lizards
  A jackal skeleton (D:5)
  13 kobolds
  An orc zombie (D:7)
  2 quokka skeletons (D:4)
  13 rats
  A rat zombie (D:7)
  4 crawling corpses (Elf:3)
  3 tentacles (Shoals:4)
2141 creatures vanquished.

Vanquished Creatures (collateral kills)
  A yellow draconian (Depths:5)
  2 deep elf magi (Vaults:4)
  A tarantella (Vaults:4)
4 creatures vanquished.

Vanquished Creatures (others)
  A ghost moth (Spider:2)
  A reaper (IceCv)
  A yellow draconian (Depths:5)
  A spark wasp (Spider:2)
  A deep elf high priest (Elf:3)
  A deep troll earth mage (Depths:3)
  A deep elf knight (Elf:3)
  A manticore (Shoals:3)
  A redback (Spider:2)
  A hell hound (Lair:6)
  2 white imps (IceCv)
  3 ufetubi (IceCv)
  An orc (Elf:3)
  3 bushes (Abyss:4)
  19 fungi
  112 plants
  5 starspawn tentacles (Abyss:4)
  30 tentacles (Shoals:4)
  2 withered plants
187 creatures vanquished.

Grand Total: 2332 creatures vanquished

Notes
Turn   | Place    | Note
-------+----------+-------------------------------------------
     0 | D:1      | Gauvater the Palentonga Fighter began the quest for the
                  | Orb.
     0 | D:1      | Reached XP level 1. HP: 20/20 MP: 1/1
   192 | D:1      | Found a sparkling altar of Nemelex Xobeh.
   197 | D:1      | Reached XP level 2. HP: 27/27 MP: 2/2
   859 | D:2      | Reached XP level 3. HP: 33/33 MP: 3/3
  1485 | D:2      | Reached XP level 4. HP: 40/40 MP: 4/4
  1999 | D:3      | Found a faded altar of an unknown god.
  2109 | D:3      | Reached skill level 1 in Maces & Flails
  2223 | D:3      | Reached XP level 5. HP: 45/48 MP: 5/5
  3355 | D:4      | Reached XP level 6. HP: 39/55 MP: 6/6
  3375 | D:4      | Noticed Blork the orc
  3384 | D:4      | Killed Blork the orc
  3588 | D:4      | Found Niumos's Jewellery Boutique.
  3602 | D:4      | Noticed Eustachio
  3616 | D:4      | Killed Eustachio
  3688 | D:4      | Reached skill level 1 in Dodging
  3688 | D:4      | Gained mutation: You curl defensively after being hit.
                  | [Palentonga growth]
  3688 | D:4      | Reached XP level 7. HP: 40/62 MP: 7/7
  3713 | D:4      | Reached skill level 4 in Fighting
  4329 | D:5      | Entered Level 5 of the Dungeon
  4342 | D:5      | Found Niusoff's Assorted Antiques.
  4348 | D:5      | Bought a scroll labelled UTELAH XOAMP for 29 gold pieces
  4348 | D:5      | Bought a scroll labelled FENASS SIAFU for 29 gold pieces
  4348 | D:5      | Bought a scroll labelled GARAIQ ISIOS for 29 gold pieces
  4348 | D:5      | Bought a scroll labelled VUOFYPP GOAQAI for 29 gold pieces
  4669 | D:5      | Reached XP level 8. HP: 44/71 MP: 8/8
  4697 | D:5      | Found a staircase to the Ecumenical Temple.
  4703 | Temple   | Entered the Ecumenical Temple
  5070 | Temple   | Became a worshipper of the Wu Jian Council
  5452 | D:6      | Found a blossoming altar of Fedhas.
  5569 | D:6      | Reached skill level 5 in Maces & Flails
  5727 | D:6      | Reached skill level 5 in Armour
  5732 | D:6      | Reached skill level 5 in Shields
  6346 | D:7      | Found Gimn's Distillery.
  6355 | D:7      | Bought a potion of degeneration for 13 gold pieces
  6355 | D:7      | Bought a potion of curing for 39 gold pieces
  6355 | D:7      | Bought a potion of haste for 130 gold pieces
  6371 | D:7      | Reached XP level 9. HP: 76/78 MP: 9/9
  6427 | D:7      | Reached skill level 5 in Fighting
  7100 | D:6      | Reached * piety under Wu Jian
  7653 | D:7      | Noticed a boulder beetle
  7844 | D:7      | Found a transporter.
  7849 | D:7      | Noticed a moth of wrath
  7875 | D:7      | Killed a boulder beetle
  7876 | D:7      | Reached skill level 6 in Fighting
  7876 | D:7      | Reached skill level 1 in Throwing
  7876 | D:7      | Reached XP level 10. HP: 37/88 MP: 10/10
  8035 | D:7      | Noticed lysyklops's ghost (amateur OpVM)
  8039 | D:7      | Reached skill level 5 in Axes
  8069 | D:7      | Noticed an eight-headed hydra
  8159 | D:7      | Found a transporter.
  8524 | D:7      | Reached skill level 1 in Polearms
  8937 | D:8      | Noticed a two-headed ogre
  9083 | D:8      | Noticed Harold
  9090 | D:8      | Noticed a two-headed ogre
  9097 | D:7      | Reached ** piety under Wu Jian
  9340 | D:8      | Found Jalooph's Distillery.
  9342 | D:8      | Got a masterwork trident
  9342 | D:8      | Identified the +5 trident of the Beast {venom, rF+ Stlth+}
                  | (You found it on level 8 of the Dungeon)
  9715 | D:9      | Killed a two-headed ogre
 10065 | D:9      | Reached skill level 7 in Fighting
 10264 | D:8      | Killed a two-headed ogre
 10779 | D:8      | Killed Harold
 10780 | D:8      | Reached XP level 11. HP: 98/98 MP: 11/11
 11154 | D:9      | Found a staircase to the Orcish Mines.
 11156 | D:9      | Reached *** piety under Wu Jian
 11242 | D:9      | Acquired a +8 broad axe of freezing
 11383 | D:9      | Found a shimmering altar of Xom.
 11428 | D:9      | Found a sparkling altar of Nemelex Xobeh.
 11842 | D:10     | Entered Level 10 of the Dungeon
 12017 | D:10     | Reached skill level 1 in Evocations
 12018 | D:10     | Reached skill level 5 in Polearms
 12018 | D:10     | Reached **** piety under Wu Jian
 12172 | D:10     | Found a portal to a secret trove of treasure.
 12203 | Trove    | Entered a treasure trove
 12256 | Trove    | Got a translucent hat
 12266 | Trove    | Identified the +2 hat "Cothro Mimy" {rN+ Str+5 Int-3} (You
                  | found it in a treasure trove)
 12597 | D:10     | Found the +9 staff of Olgreb {rPois∞}
 12599 | D:10     | Found a runed translucent gate.
 12599 | D:10     | Found a runed translucent gate.
 12600 | D:10     | Found a runed translucent door.
 12612 | D:10     | Found a runed translucent gate.
 12621 | D:10     | Found a runed translucent door.
 12669 | D:10     | Found a staircase to the Lair.
 13373 | D:11     | Noticed a four-headed hydra
 13375 | D:11     | Reached skill level 8 in Fighting
 13386 | D:11     | Killed a four-headed hydra
 13520 | D:11     | Noticed a deep elf mage
 13539 | D:11     | Killed a deep elf mage
 13785 | D:11     | Reached XP level 12. HP: 108/108 MP: 12/12
 13852 | D:11     | Found the +1 cloak of Starlight {*Dazzle EV+4 Stlth--}
 14237 | D:11     | Noticed Grum
 14239 | D:11     | Killed Grum
 14485 | D:12     | Found a frozen archway.
 14488 | D:12     | Noticed an ice dragon
 14746 | D:11     | Killed an ice dragon
 15004 | IceCv    | Entered an ice cave
 15306 | IceCv    | Killed a reaper
 15802 | IceCv    | Got twisted ice dragon scales
 15949 | D:12     | Identified the cursed +1 ice dragon scales "Jefrir" {rF-
                  | rC++ Str+3} (You found it in an ice cave)
 16564 | D:12     | Noticed a five-headed hydra
 16565 | D:12     | Noticed a two-headed ogre
 16574 | D:12     | Killed a two-headed hydra
 16575 | D:12     | Reached skill level 9 in Fighting
 16581 | D:12     | Killed a two-headed ogre
 16591 | D:12     | Noticed a death knight
 16606 | D:12     | Killed a death knight
 17398 | Orc:1    | Entered Level 1 of the Orcish Mines
 17466 | Orc:1    | Reached XP level 13. HP: 118/118 MP: 13/13
 17479 | Orc:1    | Reached skill level 5 in Dodging
 17582 | Orc:1    | Reached skill level 5 in Evocations
 17768 | Orc:1    | Noticed Erolcha
 17773 | Orc:1    | Killed Erolcha
 17960 | Orc:2    | Entered Level 2 of the Orcish Mines
 17963 | Orc:2    | Noticed Urug
 17973 | Orc:2    | Killed Urug
 18068 | Orc:1    | Found a shimmering altar of Xom.
 18075 | Orc:2    | Reached skill level 1 in Stealth
 18080 | Orc:2    | Reached ***** piety under Wu Jian
 18425 | Orc:2    | Found a staircase to the Elven Halls.
 18694 | Orc:2    | Reached skill level 10 in Axes
 19020 | Orc:2    | Reached XP level 14. HP: 121/127 MP: 14/14
 19119 | Orc:2    | Reached skill level 10 in Fighting
 19159 | Orc:2    | Found Pixidwuck's General Store.
 19159 | Orc:2    | Found Roickorph's Assorted Antiques.
 19159 | Orc:2    | Found Esuthriguo's Armour Shoppe.
 19159 | Orc:2    | Found Efuseoph's Antique Weapon Boutique.
 19168 | Orc:2    | Bought a scroll of identify for 34 gold pieces
 19529 | Orc:1    | Noticed an orc warlord
 19570 | Orc:2    | Killed an orc warlord
 19926 | Elf:1    | Entered Level 1 of the Elven Halls
 19992 | Elf:1    | Paralysed by an orc sorcerer for 3 turns
 20278 | Elf:1    | Found a radiant altar of Vehumet.
 20692 | Elf:1    | Noticed Agnes
 20717 | Elf:1    | Killed Agnes
 21100 | Elf:1    | Reached skill level 10 in Polearms
 21207 | Elf:1    | Noticed Nikola
 21253 | Elf:1    | HP: 3/130 [Nikola/zap (16)]
 22157 | D:4      | Bought the ring "Osushopn" {*Slow rElec rPois Str+10 Int+3}
                  | for 557 gold pieces
 22524 | Elf:1    | Killed Nikola
 22711 | Elf:1    | Reached ****** piety under Wu Jian
 23341 | Lair:1   | Entered Level 1 of the Lair of Beasts
 23344 | Lair:1   | Reached XP level 15. HP: 136/136 MP: 15/15
 23357 | Lair:1   | Reached skill level 11 in Fighting
 23467 | Lair:1   | Reached skill level 10 in Armour
 23682 | Lair:1   | You fall into a shaft and drop 1 floor!
 23820 | Lair:2   | Reached skill level 1 in Staves
 24431 | Lair:3   | Found a gate leading to a gauntlet.
 24458 | Gauntlet | Entered a Gauntlet
 24458 | Gauntlet | Found a transporter.
 24458 | Gauntlet | Found a transporter.
 24487 | Gauntlet | Found a transporter.
 24491 | Gauntlet | Found a transporter.
 24501 | Gauntlet | Found a transporter.
 24505 | Gauntlet | Found a transporter.
 24560 | Gauntlet | Found a transporter.
 24560 | Gauntlet | Found a transporter.
 24573 | Gauntlet | Found a transporter.
 24585 | Gauntlet | Found a transporter.
 24589 | Gauntlet | Found a transporter.
 24595 | Gauntlet | Found a transporter.
 25266 | Lair:3   | Found a sparkling altar of Nemelex Xobeh.
 25546 | Lair:4   | Found a staircase to the Shoals.
 25620 | Lair:4   | Found a hole to the Spider Nest.
 26992 | Lair:5   | Found a viscous altar of Jiyva.
 26993 | Lair:5   | Found a staircase to the Slime Pits.
 27910 | Lair:6   | Entered Level 6 of the Lair of Beasts
 29074 | Lair:6   | Found a runed translucent gate.
 29074 | Lair:6   | Found a runed translucent gate.
 29074 | Lair:6   | Found a runed translucent gate.
 29079 | Lair:6   | Noticed Gauvater's ghost (journeyman PaFi)
 29899 | Lair:6   | Found a large runed translucent door.
 29902 | Lair:6   | Found a large runed translucent door.
 30544 | D:13     | Reached skill level 5 in Staves
 31419 | D:13     | Found a gate to the Vaults.
 32150 | D:14     | Reached XP level 16. HP: 126/148 MP: 16/16
 32355 | D:14     | Found a stormy altar of Qazlal.
 32522 | D:14     | Acquired a manual of Dodging
 32705 | D:14     | You fall into a shaft and drop 1 floor!
 32705 | D:15     | Entered Level 15 of the Dungeon
 32749 | D:15     | Found a staircase to the Depths.
 33106 | D:15     | Acquired 433 gold pieces
 33222 | D:15     | Reached skill level 12 in Fighting
 33869 | D:15     | Found Setaum's Jewellery Shoppe.
 34376 | Elf:2    | Found Uhughoc's Antique Armour Boutique.
 34378 | Elf:2    | Found Pupuotsu's Book Shop.
 34431 | Elf:2    | Found Umapalel's Jewellery Boutique.
 34435 | Elf:2    | Bought an encrusted plate armour for 1260 gold pieces
 34454 | Elf:2    | Identified the cursed +0 plate armour of the Meadowlark
                  | {Regen+} (You bought it in a shop on level 2 of the Elven
                  | Halls)
 34749 | Elf:2    | Found a large runed translucent door.
 34749 | Elf:2    | Found a large runed translucent door.
 34788 | Elf:2    | Found a large runed translucent door.
 34788 | Elf:2    | Found a large runed translucent door.
 35748 | Elf:3    | Entered Level 3 of the Elven Halls
 36214 | Elf:3    | Cast into level 3 of the Abyss (a deep elf sorcerer)
 36239 | Abyss:3  | Noticed a profane servitor
 36267 | Abyss:3  | Killed a profane servitor
 36283 | Abyss:3  | Noticed a tentacled monstrosity
 36301 | Abyss:3  | Killed a tentacled monstrosity
 36418 | Abyss:4  | Noticed a hellephant
 36512 | Abyss:4  | Noticed a tentacled starspawn
 36516 | Abyss:4  | Noticed a tentacled starspawn
 36533 | Abyss:4  | Killed a tentacled starspawn
 36536 | Abyss:4  | Killed a tentacled starspawn
 36537 | Abyss:4  | Reached XP level 17. HP: 103/158 MP: 17/17
 36539 | Elf:3    | Escaped the Abyss
 36893 | Shoals:1 | Entered Level 1 of the Shoals
 37034 | Shoals:1 | Reached skill level 13 in Fighting
 37624 | Shoals:2 | Identified Roxanne's Reference Book on Moulding
 37624 | Shoals:2 | Noticed Roxanne
 37713 | Shoals:2 | Got a crystal quarterstaff
 37713 | Shoals:2 | Identified the cursed +3 quarterstaff "Sifrae" {protect,
                  | Int+3} (You found it on level 2 of the Shoals)
 37772 | Shoals:2 | Noticed Donald
 37788 | Shoals:2 | Killed Donald
 38401 | Shoals:3 | Reached skill level 10 in Dodging
 38806 | Shoals:3 | Found Nuvynkam's Armour Shop.
 38821 | Shoals:3 | Bought the -2 hat of the Alchemist {rElec rPois rF+ rC+ rN+
                  | Will+ rMut rCorr} for 660 gold pieces
 38821 | Shoals:3 | Found the -2 hat of the Alchemist {rElec rPois rF+ rC+ rN+
                  | Will+ rMut rCorr}
 39155 | Shoals:4 | Entered Level 4 of the Shoals
 39556 | Shoals:4 | Noticed Polyphemus
 39571 | Shoals:4 | Killed Polyphemus
 39939 | Shoals:4 | Reached XP level 18. HP: 111/170 MP: 18/18
 40109 | Shoals:4 | Got a barnacled rune of Zot
 40297 | Shoals:4 | Reached skill level 14 in Fighting
 40610 | Shoals:4 | Reached skill level 10 in Evocations
 41309 | Elf:3    | Noticed a Hell Sentinel
 41531 | Elf:3    | Identified the cursed +1 long sword "Rumoitid" {vamp, +Inv
                  | Int+4}
 41861 | Elf:3    | Identified the +2 troll leather armour of Esam {rElec rPois
                  | Regen+ Int+9 Dex-3}
 41951 | Elf:3    | Identified the +1 chain mail of Privacy {rN++ Int+4}
 42054 | Elf:3    | Identified the ring "Kuotaatu" {Will+ rCorr Str+2}
 42057 | Elf:3    | Identified the +7 war axe "Giantslayer" {vamp, Fragile rF+
                  | rC+++ Will-}
 42454 | Elf:3    | Identified the Volume of the Oath
 43120 | Spider:1 | Entered Level 1 of the Spider Nest
 43681 | Spider:1 | Reached XP level 19. HP: 179/179 MP: 19/19
 43959 | Spider:2 | Noticed Louise
 43968 | Spider:2 | Killed Louise
 44011 | Spider:2 | Noticed Azrael
 44026 | Spider:2 | Killed Azrael
 44193 | Spider:2 | Got a dazzling quarterstaff
 44223 | Spider:2 | Reached skill level 15 in Axes
 44264 | Spider:2 | Identified the cursed +1 quarterstaff of the Shouting Gnat
                  | {distort, rN+ Str-4 SInv} (You found it on level 2 of the
                  | Spider Nest)
 44281 | Spider:2 | Noticed Asterion
 44699 | Spider:2 | Killed Asterion
 44850 | Spider:2 | Reached skill level 15 in Fighting
 45077 | Spider:4 | Entered Level 4 of the Spider Nest
 46257 | Spider:4 | Reached skill level 10 in Staves
 46384 | Spider:4 | Got a gossamer rune of Zot
 48207 | Vaults:1 | Entered Level 1 of the Vaults
 48724 | Vaults:1 | Reached XP level 20. HP: 191/191 MP: 20/20
 50379 | Vaults:2 | Found an iron altar of Okawaru.
 50488 | Vaults:2 | Reached skill level 16 in Fighting
 50584 | Vaults:2 | Found Vaublur's General Store.
 50594 | Vaults:2 | Bought a scroll of enchant armour for 97 gold pieces
 51146 | Vaults:2 | Found a staircase to the Crypt.
 51350 | Vaults:2 | Found a runed translucent gate.
 51350 | Vaults:2 | Found a runed translucent gate.
 51350 | Vaults:2 | Found a runed translucent gate.
 51353 | Vaults:2 | Noticed theMacoje's ghost (adept OgEn)
 51882 | Vaults:3 | Reached XP level 21. HP: 191/202 MP: 21/21
 51913 | Vaults:3 | Found a runed translucent gate.
 51913 | Vaults:3 | Found a runed translucent gate.
 51913 | Vaults:3 | Found a runed translucent gate.
 51913 | Vaults:3 | Noticed Droegar's ghost (adept MiBe)
 51914 | Vaults:3 | Identified the +5 scimitar "Diawusaa" {freeze, *Rage Str+4
                  | Stlth+}
 52083 | Vaults:3 | Found a huge runed gate.
 52083 | Vaults:3 | Found a huge runed gate.
 52083 | Vaults:3 | Found a huge runed gate.
 52083 | Vaults:3 | Found a huge runed gate.
 52083 | Vaults:3 | Found a huge runed gate.
 52083 | Vaults:3 | Found a huge runed gate.
 52083 | Vaults:3 | Found a huge runed gate.
 52084 | Vaults:3 | Found a huge runed gate.
 52084 | Vaults:3 | Found a huge runed gate.
 52084 | Vaults:3 | Found a huge runed gate.
 52089 | Vaults:3 | Found a huge runed gate.
 52089 | Vaults:3 | Found a huge runed gate.
 52089 | Vaults:3 | Found a huge runed gate.
 52089 | Vaults:3 | Found a huge runed gate.
 52089 | Vaults:3 | Found a huge runed gate.
 52090 | Vaults:3 | Found a huge runed gate.
 52202 | Vaults:3 | Found a huge runed gate.
 52202 | Vaults:3 | Found a huge runed gate.
 52202 | Vaults:3 | Found a huge runed gate.
 52202 | Vaults:3 | Found a huge runed gate.
 52202 | Vaults:3 | Found a huge runed gate.
 52202 | Vaults:3 | Found a huge runed gate.
 52203 | Vaults:3 | Found a huge runed gate.
 52204 | Vaults:3 | Found a huge runed gate.
 52205 | Vaults:3 | Found a huge runed gate.
 52206 | Vaults:3 | Found a huge runed gate.
 52207 | Vaults:3 | Found a huge runed gate.
 52208 | Vaults:3 | Found a huge runed gate.
 52216 | Vaults:3 | Found a huge runed gate.
 52216 | Vaults:3 | Found a huge runed gate.
 52216 | Vaults:3 | Found a huge runed gate.
 52216 | Vaults:3 | Found a huge runed gate.
 52216 | Vaults:3 | Found a huge runed gate.
 52216 | Vaults:3 | Found a huge runed gate.
 52217 | Vaults:3 | Found a huge runed gate.
 52218 | Vaults:3 | Found a huge runed gate.
 52266 | Vaults:3 | Noticed Saint Roka
 52484 | Vaults:3 | Killed Saint Roka
 52785 | Vaults:3 | Noticed Mennas
 53735 | Vaults:4 | Found a flickering gateway to a bazaar.
 53770 | Bazaar   | Entered a bazaar
 53770 | Bazaar   | Found Jepnis's Gadget Shop.
 53770 | Bazaar   | Found Jublulaett's Armour Emporium.
 53776 | Bazaar   | Found Cuommoaw's Armour Boutique.
 53788 | Bazaar   | Found Wiug's Jewellery Boutique.
 53827 | Bazaar   | Found Qacokk's Antique Armour Emporium.
 53856 | Bazaar   | Bought a wand of enslavement (10) for 144 gold pieces
 53899 | Vaults:4 | Reached skill level 17 in Fighting
 54760 | Vaults:3 | Killed Mennas
 55253 | D:7      | Killed lysyklops's ghost
 55990 | Lair:6   | Killed Gauvater's ghost
 56076 | Slime:1  | Entered Level 1 of the Pits of Slime
 56519 | Slime:2  | Gained mutation: You are frail. (-10% HP) [a shining eye]
 56522 | Slime:2  | Gained mutation: You do not regenerate when monsters are
                  | visible. [a shining eye]
 56661 | Spider:1 | Lost mutation: You are frail. (-10% HP) [potion of
                  | mutation]
 56661 | Spider:1 | Lost mutation: You do not regenerate when monsters are
                  | visible. [potion of mutation]
 56661 | Spider:1 | Gained mutation: You passively map a small area around you.
                  | [potion of mutation]
 56661 | Spider:1 | Gained mutation: You are agile. (Dex +2) [potion of
                  | mutation]
 56931 | Depths:1 | Entered Level 1 of the Depths
 57299 | Depths:1 | Found a gateway to Hell.
 57949 | Vaults:4 | Got a translucent plate armour
 57959 | Vaults:4 | Identified the +6 plate armour "Kibeoma" {+Fly rElec} (You
                  | found it on level 4 of the Vaults)
 58258 | Orc:2    | Bought a scroll of enchant weapon for 262 gold pieces
 58259 | Orc:2    | Bought a potion of curing for 105 gold pieces
 58259 | Orc:2    | Bought a potion of lignification for 105 gold pieces
 58259 | Orc:2    | Bought a potion of cancellation for 280 gold pieces
 58259 | Orc:2    | Bought a potion of cancellation for 280 gold pieces
 58561 | Lair:6   | Got a slimy flail
 58561 | Lair:6   | Identified the +5 flail "Lur Buxar" {holy, rElec Will-
                  | Dex+5} (You found it on level 6 of the Lair of Beasts)
 58800 | D:8      | Bought a potion of lignification for 45 gold pieces
 58800 | D:8      | Bought 2 potions of curing for 90 gold pieces
 58800 | D:8      | Bought a potion of invisibility for 120 gold pieces
 58800 | D:8      | Bought a potion of lignification for 45 gold pieces
 58800 | D:8      | Bought a potion of haste for 150 gold pieces
 58800 | D:8      | Bought a potion of curing for 45 gold pieces
 58800 | D:8      | Bought a potion of ambrosia for 120 gold pieces
 59532 | Depths:1 | Found a one-way gate to the infinite horrors of the Abyss.
 59923 | Depths:1 | Reached XP level 22. HP: 214/214 MP: 22/22
 60692 | Depths:2 | Noticed Margery
 60703 | Depths:2 | Noticed Mara
 61209 | Orc:2    | Bought a scroll of summoning for 161 gold pieces
 61974 | Depths:2 | Identified the cursed ring of Sunlight {rPois rF- rN+ Str+6
                  | Int-4} (You found it on level 2 of the Depths)
 62043 | Depths:1 | Killed Margery
 62201 | Depths:2 | Noticed Gauvater's illusion
 62673 | Depths:2 | Killed Mara
 63033 | Depths:2 | Noticed a royal mummy
 63039 | Depths:2 | Killed a royal mummy
 63040 | Depths:2 | Reached skill level 18 in Fighting
 63283 | Depths:2 | Noticed a royal mummy
 63293 | Depths:2 | Noticed a royal mummy
 63296 | Depths:2 | Killed a royal mummy
 63310 | Depths:2 | Killed a royal mummy
 63723 | Depths:2 | Found the +7 sceptre of Torment {pain, torment}
 64725 | Depths:3 | You fall into a shaft and drop 1 floor!
 64725 | Depths:4 | Found a gateway to a ziggurat.
 65446 | Depths:3 | Found Feaggeum's Antique Weapon Boutique.
 66173 | Depths:3 | Found a one-way gate leading to the halls of Pandemonium.
 66183 | Depths:3 | Reached XP level 23. HP: 225/225 MP: 23/23
 66826 | Depths:4 | Found Tumise's Jewellery Shoppe.
 67495 | Depths:4 | Reached skill level 15 in Armour
 67496 | Depths:4 | Reached skill level 19 in Fighting
 67582 | Depths:4 | Reached skill level 10 in Maces & Flails
 67825 | Depths:4 | Identified the Almanac of Enthralling Dark Arts
 68329 | Depths:5 | Entered Level 5 of the Depths
 69061 | Depths:5 | Noticed a juggernaut
 69078 | Depths:5 | Killed a juggernaut
 70120 | Depths:5 | Found a runed translucent door.
 70123 | Depths:5 | Found a runed translucent door.
 70149 | Depths:5 | Found a runed translucent door.
 70149 | Depths:5 | Found a runed translucent door.
 70280 | Depths:5 | Reached XP level 24. HP: 238/238 MP: 23/23
 70412 | Depths:5 | Reached skill level 15 in Dodging
 70548 | Depths:5 | Found a runed translucent door.
 70639 | Depths:5 | Found a runed translucent door.
 70796 | Depths:5 | Found a gate to the Realm of Zot.
 73096 | Slime:3  | Reached skill level 1 in Necromancy
 73238 | Slime:4  | Reached skill level 20 in Fighting
 73995 | Slime:5  | Entered Level 5 of the Pits of Slime
 74860 | Slime:5  | Noticed the Royal Jelly
 76259 | Slime:4  | HP: 4/240 [acid blob[the Royal Jelly] (19)]
 76259 | Slime:4  | Splashed by an acid blob's acid

Illustrated notes

Levels and vault maps discovered:
D:1:      saegor_arrival_simple_b, layout_basic,
          nemelex_xobeh_ov_fountains_minmay
D:2:      layout_basic
D:3:      layout_basic, chequers_ecumenical_altar_simple, grunt_decor_clamped
D:4:      layout_basic, serial_shops, shop, minmay_a_box_with_orc_wizards_in_it,
          uniq_blork_the_orc, uniq_eustachio
D:5:      layout_basic, temple_doors_e, serial_shops, shop, minmay_manual_mess
D:6:      layout_loops_ring, chequers_serial_rivers_small_b, fedhas_altar_2
D:7:      nzn_winding_woodlands_cross
          [nzn_winding_woodlands_5x15_river_crossing,
          nzn_winding_woodlands_5x15_concentric,
          nzn_winding_woodlands_5x15_zeroes, nzn_winding_woodlands_5x15_default,
          nzn_winding_woodlands_15x15_five_gardens], layout_rooms, serial_shops,
          shop, enter_ossuary_3, gammafunk_ghost_berserking_beasts
D:8:      layout_basic, serial_shops, shop, uniq_harold
D:9:      layout_irregular_city, kennysheep_mini_moat,
          kennysheep_orc_monster_closet_entryway, serial_rivers,
          chequers_serial_rivers_micro_b, chequers_serial_rivers_large_b,
          chequers_serial_rivers_room_b, chequers_serial_rivers_small_a,
          chequers_serial_rivers_micro_a, xom_confusion_cloud
D:10:     layout_gridville, lair_entry_dummy, nicolae_trove_entry_diagonal,
          minmay_guarded_unrand_staff_of_olgreb
D:11:     layout_basic, uniq_grum
D:12:     layout_layer_cave, portal_ice_cave_entry_animals_and_master,
          minmay_alternating_orb
D:13:     layout_roguey, skrybe_vaults_entry_preservation, lemuel_old_faithful
D:14:     cheibrodos_statue_roulette, layout_small_grid, minmay_misc_feat_iff,
          nicolae_qazlal_eye_of_the_storm
D:15:     gammafunk_depths_entry_grave, layout_stronghold, serial_shops,
          shop_fountains, corexii_corridor_pit
Temple:   compressed_dpeg_triangle_lava_temple
Lair:1:   layout_cave_pods, basic_altar, infiniplex_staircase_pool
Lair:2:   layout_concentric_octagons
Lair:3:   layout_cave_pods, gauntlet_entry_generic, lemuel_oklob_altar
Lair:4:   beast_lair_carwin_large_3, layout_gridlike, elwin_shoals_entry_rocks,
          spider_nest_entry_web_field, kilobyte_rumbling_trees
Lair:5:   layout_hall_layers, slime_altar_1, chequers_serial_rivers_micro_c,
          grunt_forest_stairs_basic, roderic_batcave, small_statue_intersection,
          serial_bayou_shore_a
Lair:6:   cheibrodos_lair_end_hotspot, layout_cave_pods,
          gammafunk_ghost_necromancy
Shoals:1: layout_shoals
Shoals:2: layout_shoals, argonaut_gorgonesque, uniq_roxanne, uniq_donald
Shoals:3: layout_shoals, serial_shops, nicolae_shop_stone
Shoals:4: shoals_end_grunt_ice, layout_shoals, uniq_polyphemus
Spider:1: spider_temple_joshua
Spider:2: cheibrodos_forgotten_conduit, uniq_azrael, uniq_asterion, uniq_louise
Spider:3: layout_spider_delve, nicolae_spider_cling_halls
Spider:4: grunt_spider_rune_island
Slime:1:  layout_caves
Slime:2:  layout_caves, nicolae_slime_phagocytosis
Slime:3:  layout_caves
Slime:4:  layout_caves, nicolae_slime_ancient_tower_intersection
Slime:5
Orc:1:    lemuel_ogre_cave, layout_caves, basic_altar, uniq_erolcha
Orc:2:    st_orc_ogre_mass, layout_caves, uniq_urug
Elf:1:    eino_elf_arrival_altar, layout_geoelf_diagonals, evilmike_minifort,
          kb_rosetta, uniq_agnes, uniq_nikola
Elf:2:    layout_geoelf_grid, minmay_shop_star
Elf:3:    minmay_elf_hall_not_hex, layout_rooms, grunt_megastairs_3
Vaults:1: vaults_room_ringed_pool, hangedman_vaults_restitches, v_misc_14,
          vaults_room_pool, nicolae_vaults_specimen_jars, v_misc_27,
          vaults_mumra_minichess, v_misc_4, v_misc_8,
          nicolae_vaults_windows_and_doors_thing,
          ontoclasm_vaults_decontamination, hangedman_vaults_hard_town_square,
          hangedman_vaults_capsules, layout_vaults_omnicross
Vaults:2: gammafunk_vaults_ghost_necromancy, hangedman_vaults_nails,
          v_alt_pattern_2, minmay_crypt_entry_simple_statues,
          nicolae_vaults_hallways_thing, nicolae_vaults_circle_grid_b,
          hangedman_vaults_restitches, nicolae_vaults_disjoint_gnomons,
          nicolae_vaults_rhombus_6, grunt_vaults_diagonal,
          vaults_room_grunt_arrival_ludios, v_alt_pattern_5,
          ontoclasm_vaults_claustrophobia, layout_vaults_omnibox, basic_altar,
          serial_shops, shop
Vaults:3: gammafunk_vaults_ghost_fury_of_okawaru, vaults_not_door_vault_mu,
          ontoclasm_vaults_twist, v_alt_pattern_4, grunt_tower_of_power,
          hangedman_vaults_maws, hangedman_vaults_pinch, v_misc_25,
          hangedman_vaults_slice, hangedman_vaults_corner, v_misc_27,
          nicolae_vaults_yaktaur_gun_rack, ontoclasm_vaults_gateway,
          layout_vaults_ring, uniq_saint_roka, uniq_mennas
Vaults:4: nicolae_vaults_angled_halls, hangedman_vaults_variations,
          hangedman_vaults_corner_blocks, nicolae_vaults_display_case,
          vaults_room_hallway, nicolae_vaults_asterisk, dpeg_vaults_monster_box,
          layout_vaults_omnigrid, serial_shops, bzr_in_the_mist
Depths:1: layout_cave_shapes, marbit_kobold_abyss_entry,
          grunt_hell_entry_dis_mu, corexii_corridor_pit, library_closet,
          nicolae_two_hexagons, columned_hall_lemuel, kennysheep_cross_room,
          minivault_10, roderic_lattice_a, serial_bayou_pond_b,
          ebering_dispersal_statue_hall, drop_trap
Depths:2: minmay_guarded_unrand_sceptre_of_torment, layout_cave_pools,
          hangedman_glass_teeth, grunt_metal_band, minmay_protected_statue,
          uniq_mara
Depths:3: minmay_the_grid_triangle_9x9_rhombus_thin
          [minmay_the_grid_triangle_9x9_pentomino_pain,
          minmay_the_grid_triangle_9x9_prize_top_heavy,
          minmay_the_grid_triangle_9x9_sparse_checkered,
          minmay_the_grid_triangle_9x9_flanged_cone], layout_cave_pools,
          hell_entry, grunt_pan_entry_in_and_out,
          minmay_staircase_windowed_small, abyss_entry, serial_shops,
          nicolae_shop_window_shopping
Depths:4: cheibrodos_poisonous_passages, layout_gridlike, enter_ziggurat_c,
          serial_shops, shop, serial_sigils_hangedman_clutch,
          pf_vacation_house_of_asmodeus, abyss_entry, skrybe_limestone_x
Depths:5: evilmike_zot_entry_castle, layout_basic, hell_entry,
          minmay_misc_feat_tiny

Skill      XL: |  1  2  3  4  5  6  7  8  9 10 11 12 13 14 15 16 17 18 19 20 21 22 23 24 |
---------------+-------------------------------------------------------------------------+-----
Armour         | 3 4 5 7 8 9 10 11 12 13 14 15 16 | 16.0
Maces & Flails | 1 2 4 5 6 7 8 10 | 10.7
Shields        | 3 4 5 7 8 9 |  9.4
Dodging        | 1 2 3 4 6 7 9 10 11 12 13 14 15 | 15.1
Fighting       | 4 6 7 8 9 10 11 12 13 14 15 16 17 18 19 20 | 20.4
Axes           | 4 5 7 8 10 11 12 13 14 15 16 17 | 17.9
Throwing       | 1 |  1.4
Polearms       | 4 6 7 9 10 11 12 13 | 13.1
Evocations     | 3 4 5 7 8 9 10 11 12 13 14 | 14.4
Stealth        | 1 2 3 4 |  4.5
Staves         | 5 8 9 10 | 10.1
Necromancy     | 2 |  2.6
Long Blades    | |  0.2

Action                   |  1- 3 |  4- 6 |  7- 9 | 10-12 | 13-15 | 16-18 | 19-21 | 22-24 || total
-------------------------+-------+-------+-------+-------+-------+-------+-------+-------++-------
Melee: War axe           |    20 |       |       |       |    15 |     4 |       |       ||    39
       Whip              |    61 |   165 |   238 |   314 |    28 |     1 |       |       ||   807
       Tailslap          |     5 |    23 |    56 |   166 |   217 |   234 |   378 |   360 ||  1439
       Hand axe          |       |       |   183 |    51 |       |       |       |       ||   234
       Broad axe         |       |       |       |   357 |   437 |   827 |  1320 |   659 ||  3600
       Falchion          |       |       |       |     5 |       |       |       |       ||     5
       Trident           |       |       |       |     5 |       |       |       |       ||     5
       Lajatang          |       |       |       |       |   550 |   283 |    82 |       ||   915
       Sacred scourge    |       |       |       |       |       |       |    25 |   155 ||   180
       Eveningstar       |       |       |       |       |       |       |       |   272 ||   272
       Staff             |       |       |       |       |       |       |       |    86 ||    86
Throw: Boomerang         |       |     3 |       |       |       |       |     2 |     8 ||    13
       Dart              |       |       |     6 |       |       |     3 |    10 |    18 ||    37
       Throwing net      |       |       |       |       |     2 |     1 |     3 |     8 ||    14
       Javelin           |       |       |       |       |       |     2 |    15 |    14 ||    31
Invok: Lunge             |       |       |     8 |    21 |    26 |    75 |    61 |    28 ||   219
       Whirlwind         |       |       |     7 |    67 |   104 |   126 |   135 |   149 ||   588
       Heavenly Storm    |       |       |       |       |       |     1 |     6 |     1 ||     8
       Serpent's Lash    |       |       |       |       |       |       |     5 |     5 ||    10
 Abil: Rolling Charge    |    18 |    23 |    26 |    68 |   103 |    76 |   114 |   136 ||   564
       Wall Jump         |       |       |       |    16 |    67 |    14 |    34 |    34 ||   165
Evoke: Wand              |       |       |     4 |       |     3 |       |    17 |     7 ||    31
       Lightning rod     |       |       |       |     1 |       |     1 |       |     1 ||     3
       Staff of Olgreb   |       |       |       |       |       |       |       |    61 ||    61
  Use: Scroll            |       |       |     7 |    25 |    21 |    18 |    13 |     7 ||    91
       Potion            |       |       |     1 |       |    11 |     3 |    13 |     6 ||    34
 Stab: Invisible         |       |       |       |     4 |    16 |    11 |    26 |    20 ||    77
       Petrified         |       |       |       |       |       |     1 |       |       ||     1
       Distracted        |       |       |       |       |       |     3 |    11 |     3 ||    17
       Held in net/web   |       |       |       |       |       |       |     2 |     2 ||     4
Armor: Scale mail        |     4 |       |       |    41 |   227 |    42 |       |       ||   314
       Chain mail        |    31 |    63 |   175 |    18 |       |       |       |       ||   287
       Plate armour      |       |       |       |    69 |       |   344 |   502 |   491 ||  1406
       Ring mail         |       |       |       |    88 |    39 |       |       |       ||   127
Dodge: Dodged            |    12 |    25 |    70 |   123 |   363 |   397 |   627 |   559 ||  2176
Block: Kite shield       |    19 |    66 |   306 |   514 |   314 |   659 |   883 |   791 ||  3552
       Reflection        |       |       |    11 |    27 |    13 |    70 |    83 |    65 ||   269
       Buckler           |       |       |       |    26 |       |       |       |       ||    26
       Other             |       |       |       |       |    82 |    28 |       |       ||   110
       Rpst.: Falchion   |       |       |       |     1 |       |       |       |       ||     1
